 Dungeon Crawl Stone Soup version 0.30.1-3-gfc49f6343a (webtiles) character file.

Game seed: 7215280347379084202

42 CaptainMV the Twirler (level 3, 0/27 HPs)
             Began as a Demonspawn Wanderer on Aug 7, 2023.
             Slain by Terence
             ... wielding a +2 vampiric short sword
              (4 damage)
             ... on level 2 of the Dungeon.
             The game lasted 00:07:12 (774 turns).

CaptainMV the Twirler (Demonspawn Wanderer)          Turns: 774, Time: 00:07:12

Health: 0/27       AC:  5    Str: 14    XL:     3   Next: 33%
Magic:  0/5        EV: 10    Int: 14    God:
Gold:   96         SH:  0    Dex: 11    Spells: 3/4 levels left

rFire   . . .        a - +3 quarterstaff
rCold   . . .        (shield currently unavailable)
rNeg    . . .        b - +0 ring mail
rPois   .            (no helmet)
rElec   .            (no cloak)
rCorr   .            (no gloves)
SInv    .            (no boots)
Will    .....        (no amulet)
Stlth   +            (no ring)
HPRegen 0.24/turn    (no ring)
MPRegen 0.09/turn

%: no passive effects
@: invisible
A: weakness stinger 2
a: no special abilities


You were on level 2 of the Dungeon.
You visited 1 branch of the dungeon, and saw 2 of its levels.

You collected 96 gold pieces.

Inventory:

Hand Weapons
 a - a +3 quarterstaff (weapon)
Missiles
 g - 3 poisoned darts
Armour
 b - a +0 ring mail (worn)
Scrolls
 e - a scroll of teleportation
Potions
 d - a potion of degeneration


   Skills:
 + Level 2.1 Fighting
 + Level 3.4 Staves
 + Level 2.1 Armour
 + Level 0.2 Dodging
 + Level 1.3 Spellcasting
 + Level 1.2 Ice Magic
 + Level 1.2 Invocations


You had 3 spell levels left.
You knew the following spells:

 Your Spells              Type           Power      Damage    Failure   Level
a - Freeze                Ice            16%        1d4       30%         1

Your spell library contained the following spells:

 Spells                   Type           Power      Damage    Failure   Level
 Hailstorm                Conj/Ice       2%         3d3       75%         3


Dungeon Overview and Level Annotations

Branches:
Dungeon (2/15)

Altars:

Shops:
D:1 [

Annotations:
D:2 Terence


Innate Abilities, Weirdness & Mutations

You have a tail ending in a sharp stinger.


Message History

Terence misses you.
You barely miss Terence.
Terence is lightly wounded.
Terence barely misses you.
You hit Terence.
Terence is moderately wounded.
Terence completely misses you.
You barely miss Terence.
Terence is moderately wounded.
Terence hits you with a +2 vampiric short sword.
* * * LOW HITPOINT WARNING * * *
You hit Terence.
Terence is moderately wounded.
Terence barely misses you.
You barely miss Terence.
Your tail-slap misses Terence.
Terence is moderately wounded.
Terence barely misses you.
You fade into invisibility!
Terence barely misses you.
Casting: Freeze (safe; 30% risk of failure)
Confirm with . or Enter, or press ? or * to list all spells.
Aiming: Freeze (safe; 30% risk of failure)
Press: ? - help, Shift-Dir - straight line, f/p - Terence
Aim: Terence, wielding a +2 vampiric short sword and wearing a +0 scale mail (moderately wounded, unable to see you)
You freeze Terence.
Terence is moderately wounded.
Terence closely misses you.
You closely miss Terence.
Terence is moderately wounded.
Terence hits you with a +2 vampiric short sword.
* * * LOW HITPOINT WARNING * * *
Terence draws strength from your wounds!
Terence closely misses you.
You thump Terence!
Terence is heavily wounded.
Terence hits you but does no damage.
You thump Terence!
Terence is severely wounded.
Terence hits you with a +2 vampiric short sword.
You die...

#..# #..# #..# #..# #..#
#..# # #..####.#.###
#..@@........ #
#.#.###.##### ? #.#.#
#.# .# . #.#.#
#.#####.#.##
#.#.###.##......[.
#)#.......... ...
#.#..##.##.##.#.##
#######>#..##...........
.................##.###


You could see Terence (unable to see you).

Vanquished Creatures
  A worm (D:2)
  A dart slug (D:1)
  A ball python (D:2)
  2 bats
  3 endoplasms
  2 giant cockroaches (D:1)
  2 goblins (D:2)
  4 hobgoblins (D:1)
  4 jackals (D:1)
  3 quokkas (D:1)
  4 kobolds
  5 rats
32 creatures vanquished.

Notes
Turn   | Place    | Note
-------+----------+-------------------------------------------
     0 | D:1      | CaptainMV the Demonspawn Wanderer began the quest for the
                  | Orb.
     0 | D:1      | CaptainMV set off with the following items: a +2
                  | quarterstaff, a +0 ring mail, a potion of invisibility; and
                  | the following spell memorised: Freeze; and the following
                  | spells available to memorise: Hailstorm.
     0 | D:1      | Reached XP level 1. HP: 16/16 MP: 2/2
   217 | D:1      | Reached skill level 3 in Staves
   219 | D:1      | Discovered your monstrous ancestry.
   219 | D:1      | Gained mutation: You have a small tail. [demonic ancestry]
   219 | D:1      | Reached XP level 2. HP: 18/22 MP: 0/3
   582 | D:1      | Gained mutation: You have a tail ending in a sharp stinger.
                  | [demonic ancestry]
   582 | D:1      | Reached XP level 3. HP: 26/27 MP: 0/4
   599 | D:1      | Found Nureemem's Antique Armour Shop.
   758 | D:2      | Noticed Terence
   774 | D:2      | Slain by Terence

Illustrated notes

Levels and vault maps discovered:
D:1:      psy_arrival_terrarium, layout_basic, serial_shops,
          nicolae_shop_crystal, st_stairs_11, minmay_split_cup_large
D:2:      layout_loops_ring, uniq_crazy_yiuf_cottage, uniq_terence

Skill      XL: |  1 |
---------------+----+-----
Staves         | 3 |  3.4
Armour         | 2 |  2.1
Fighting       | |  2.1
Dodging        | |  0.2
Spellcasting   | |  1.3
Ice Magic      | |  1.2
Invocations    | |  1.2

Action                     || total
---------------------------++-------
  Melee: Quarterstaff      ||    79
         Tailslap          ||     2
   Cast: Freeze            ||    21
    Use: Scroll            ||     3
         Potion            ||     1
 Armour: Ring mail         ||    43
  Dodge: Dodged            ||    83
